 Dungeon Crawl Stone Soup version 0.20.0-15-g7f486f2 (webtiles) character file.

130 dvd the Skirmisher (level 5, 0/47 HPs)
             Began as a Hill Orc Fighter on June 9, 2017.
             Slain by Grinder (1 damage)
             ... while paralysed by Grinder
             ... on level 3 of the Dungeon.
             The game lasted 00:04:12 (1576 turns).

dvd the Skirmisher (Hill Orc Fighter)               Turns: 1576, Time: 00:04:13

Health: 0/47       AC:  7    Str: 20    XL:     5   Next: 14%
Magic:  5/5        EV:  2    Int:  8    God:
Gold:   141        SH:  0    Dex: 10    Spells: 4/4 levels left

rFire    . . .     SeeInvis .   a - +0 war axe
rCold    . . .     Gourm    .   c - +0 shield
rNeg     . . .     Faith    .   b - +0 scale mail
rPois    .         Spirit   .   (no helmet)
rElec    .         Reflect  .   (no cloak)
rCorr    .         Harm     .   (no gloves)
MR       +....                  (no boots)
Stlth    ..........             (no amulet)
Regen    0.2/turn               j - ring of protection from magic
MPRegen  0.1/turn               (no ring)

@: paralysed
A: no striking features
a: no special abilities


You were on level 3 of the Dungeon.
You were hungry.

You visited 1 branch of the dungeon, and saw 3 of its levels.

You collected 141 gold pieces.

Inventory:

Hand Weapons
 a - a +0 war axe (weapon)
Armour
 b - a +0 scale mail (worn)
 c - a +0 shield (worn)
Jewellery
 j - a ring of protection from magic (left hand)
Scrolls
 e - 2 scrolls of remove curse {unknown}
 h - 2 scrolls of fog {unknown}
 k - a scroll of immolation {unknown}
 o - a scroll of identify {unknown}
Potions
 d - 2 potions of might
 l - a potion of cancellation {unknown}
 m - 2 potions of haste {unknown}
 p - a potion of heal wounds {unknown}
Comestibles
 f - 2 bread rations
 i - 4 fruits
 n - a meat ration


   Skills:
 + Level 4.4 Fighting
 + Level 4.2 Axes
 + Level 4.0 Armour
 + Level 0.8 Dodging
 + Level 4.0 Shields


You had 4 spell levels left.
You didn't know any spells.

Dungeon Overview and Level Annotations

Branches:
Dungeon (3/15)

Altars:

Annotations:
D:3 Grinder


Message History

Grinder is almost dead.
You block Grinder's attack. Grinder closely misses you.
You hit Grinder.
Grinder is almost dead.
Grinder says, "I used to sell toenails on the black market."
Grinder hits you.
You writhe in agony.
You barely miss Grinder.
Grinder is almost dead.
Grinder gestures at you.
You suddenly lose the ability to move!
Grinder hits you.
You writhe in agony.
* * * LOW HITPOINT WARNING * * *
Grinder hits you.
* * * LOW HITPOINT WARNING * * *
You writhe in agony.
* * * LOW HITPOINT WARNING * * *
Grinder hits you.
* * * LOW HITPOINT WARNING * * *
You writhe in agony.
You die...

##########. #
...<....... #.
##########. .# #
########## .#.#
#......... .#.#
.....############...##
.....................#
.....###########@5...#
#...#### #<.......
.......# ##...####
##.###.# #.## ##.# #.#
.# ##.# #.# .# ##.#
#.# # ##.#
#.###########
##.###.##.........


You could see Grinder.

Vanquished Creatures
  Natasha (D:3)
  The ghost of dscm the Digger, a weakling OpEE (D:3)
  An adder (D:2)
  A shadow imp (D:3)
  2 oozes
  4 dart slugs
  A worm (D:2)
  2 leopard geckos
  7 bats
  A giant cockroach (D:2)
  5 goblins (D:1)
  8 hobgoblins
  4 jackals (D:1)
  4 frilled lizards
  7 kobolds
  6 rats
55 creatures vanquished.

Notes
Turn   | Place    | Note
-------+----------+-------------------------------------------
     0 | D:1      | dvd the Hill Orc Fighter began the quest for the Orb.
     0 | D:1      | Reached XP level 1. HP: 19/19 MP: 1/1
    66 | D:1      | Reached XP level 2. HP: 6/27 MP: 2/2
   330 | D:1      | Reached XP level 3. HP: 22/33 MP: 3/3
   918 | D:2      | Reached XP level 4. HP: 30/40 MP: 4/4
  1489 | D:3      | Noticed dscm's ghost (weakling OpEE)
  1495 | D:3      | Killed dscm's ghost
  1556 | D:3      | Noticed Grinder
  1559 | D:3      | Noticed Natasha
  1570 | D:3      | Killed Natasha
  1570 | D:3      | Reached XP level 5. HP: 19/47 MP: 5/5
  1573 | D:3      | Paralysed by Grinder for 5 turns
  1575 | D:3      | HP: 2/47 [Grinder (6)]
  1576 | D:3      | Slain by Grinder

Skill      XL: |  1  2  3  4 |
---------------+-------------+-----
Fighting       | 4 |  4.4
Axes           | 3 4 |  4.2
Shields        | 4 |  4.0
Armour         | 4 |  4.0
Dodging        | |  0.8

Action                   |  1- 3 |  4- 6 || total
-------------------------+-------+-------++-------
Melee: War axe           |   150 |    57 ||   207
  Eat: Chunk             |       |     2 ||     2
Armor: Scale mail        |    85 |    27 ||   112
Dodge: Dodged            |    57 |    19 ||    76
Block: Shield            |    84 |    26 ||   110
